Get step-by-step instructions on how to execute this build order below. Start the game timer, and the build order will tick by so you can play in parallel with StarCraft on a second screen or mobile device.

Game Time

  0:00

Last Step

  N/A

Next Step

Upcoming Step



Don't want to look back and forth between 2 screens? Try out our Overwolf App, the Spawning Tool Build Advisor to get an in-game overlay with this build!

Complete Build Order

  12  0:01  Drone  
  13  0:08  Drone  
  14  0:17  Overlord  
  14  0:25  Extractor, Drone  
  14  0:28  Extractor  
  13  0:29  Drone  
  16  0:52  Hatchery  
  16  0:56  Drone  
  16  1:06  Drone x2  
  16  1:09  Drone  
  19  1:16  Extractor  
  18  1:23  Spawning Pool  
  18  1:24  Drone  
  18  1:30  Drone  
  19  1:45  Drone  
  20  1:58  Hatchery  
  19  2:06  Drone x2  
  21  2:10  Queen  
  23  2:21  Queen  
  25  2:31  Zergling x4  
  25  2:32  Zergling x2  
  28  2:46  Overlord  
  28  3:05  Metabolic Boost  
  28  3:06  Overlord  
  28  3:09  Zergling x2, Drone x4  
  33  3:26  Zergling x8  
  33  3:27  Zergling x2  
  38  3:31  Drone  
  38  3:32  Evolution Chamber  
  38  3:34  Drone  
  38  3:36  Zergling x2  
  40  3:44  Spore Crawler  
  40  3:47  Drone  
  40  3:48  Drone  
  41  4:02  Queen  
  43  4:16  Drone x2  
  45  4:18  Lair  
  44  4:30  Zergling x4  
  44  4:31  Overlord x2, Drone x2  
  47  4:45  Overlord, Drone x3  
  49  4:50  Overlord  
  49  4:51  Queen  
  51  4:58  Drone x2  
  51  4:59  Drone x3  
  54  5:04  Extractor  
  51  5:11  Overlord, Drone x2  
  51  5:12  Zergling x2, Drone  
  51  5:13  Zergling x6  
  56  5:18  Zerg Missile Weapons Level 1  
  56  5:28  Extractor  
  56  5:29  Zergling x8, Extractor  
  56  5:30  Zergling x2, Drone  
  56  5:33  Spire  
  59  5:42  Drone x3  
  62  5:43  Overlord  
  62  5:44  Drone  
  63  5:57  Drone x4  
  63  5:58  Drone x3  
  63  5:59  Hydralisk Den  
  63  6:03  Extractor  
  68  6:04  Drone x3  
  68  6:05  Extractor, Drone x2  
  68  6:10  Zergling x4, Overlord  
  74  6:13  Zergling x2  
  75  6:23  Drone x2  
  75  6:24  Zergling x8  
  81  6:37  Hydralisk x3